 Dungeon Crawl Stone Soup version 0.29.1-2-gbd0b4ee654 (webtiles) character file.

Game seed: 4367971887931351416

8304 LustLizard the Skirmisher (level 11, 0/49 HPs)
             Began as a Spriggan Hunter on Nov 30, 2022.
             Was a Believer of Dithmenos.
             Slain by a death yak simulacrum (5 damage)
             ... in an ice cave.
             The game lasted 00:32:12 (15028 turns).

LustLizard the Skirmisher (Spriggan Hunter)        Turns: 15028, Time: 00:32:13

Health: 0/49       AC:  6    Str:  7    XL:     11   Next: 8%
Magic:  12/12      EV: 18    Int: 17    God:    Dithmenos [**....]
Gold:   599        SH:  0    Dex: 23    Spells: 8/10 levels left

rFire   x . .      SeeInvis +   C - +0 shortbow
rCold   . . .      Faith    .   (shield currently unavailable)
rNeg    + . .      Spirit   .   r - +0 robe {rN+}
rPois   +          Reflect  .   (helmet restricted)
rElec   .          Harm     .   (no cloak)
rCorr   .          Rampage  .   (gloves unavailable)
Will    +....                   (boots unavailable)
Stlth   +++++++...              y - amulet of the Briny Deep {RegenMP +Inv rPois rF- SInv}
HPRegen 0.16/turn               v - +4 ring of protection
MPRegen 0.53/turn               x - +6 ring of intelligence

@: wreathed by umbra, very quick
A: very small, no large weapons, unfitting armour, see invisible, speed 3
a: Renounce Religion, Evoke Invisibility, Shadow Step


You were in an ice cave.
You worshipped Dithmenos.
Dithmenos was pleased with you.
You visited 3 branches of the dungeon, and saw 13 of its levels.
You also visited: Ice Cave.

You collected 599 gold pieces.

Inventory:

Hand Weapons
 a - a +0 shortbow of chaos
 C - a +0 shortbow (weapon)
Missiles
 B - a throwing net
Armour
 c - a +0 robe
 r - a +0 robe of positive energy (worn)
Jewellery
 v - a +4 ring of protection (left hand)
 x - a +6 ring of intelligence (right hand)
 y - the amulet of the Briny Deep (around neck) {RegenMP +Inv rPois rF- SInv}
   (You found it on level 5 of the Dungeon)

   [amulet of magic regeneration]

   It increases your rate of magic regeneration.
   rF:        It makes you vulnerable to fire.
   rPois:     It protects you from poison.
   SInv:      It lets you see invisible.
   +Inv:      It lets you turn invisible.
 z - an amulet of faith
 A - an amulet of the acrobat
 J - a ring of willpower
Wands
 p - a wand of charming (31)
 F - a wand of light (4)
 H - a wand of iceblast (8)
Scrolls
 b - 3 scrolls of immolation
 e - 2 scrolls of identify
 f - 2 scrolls of poison
 g - 3 scrolls of enchant armour {unknown}
 h - a scroll of brand weapon
 j - a scroll of enchant weapon {unknown}
 l - 2 scrolls of vulnerability {unknown}
 m - 3 scrolls of teleportation {unknown}
 t - 2 scrolls of fear {unknown}
 w - a scroll of butterflies {unknown}
 D - a scroll of blinking {unknown}
 G - 3 scrolls of magic mapping
Potions
 d - a potion of attraction
 i - a potion of brilliance
 k - 2 potions of ambrosia
 n - 3 potions of cancellation
 o - a potion of magic
 q - a potion of heal wounds
 s - 4 potions of curing
 u - 2 potions of flight
 E - a potion of might
 I - 2 potions of haste


   Skills:
 - Level 1.5 Fighting
 * Level 14.4 Ranged Weapons
 - Level 2.6 Dodging
 - Level 11.1 Stealth
 - Level 2.5 Translocations
 - Level 8.7 Evocations


You had 8 spell levels left.
You knew the following spells:

 Your Spells              Type           Power      Damage    Failure   Level
a - Blink                 Tloc           16%        N/A       13%         2

Your spell library contained the following spells:

 Spells                   Type           Power      Damage    Failure   Level
 Shock                    Conj/Air       0%         1d3       24%         1
 Confusing Touch          Hex            0%         N/A       56%         3
 Swiftness                Air            0%         N/A       56%         3
 Airstrike                Air            0%         2d(0-16)  93%         4
 Manifold Assault         Tloc           8%         N/A       93%         5
 Yara's Violent Unravell  Hex/Tmut       0%         3d3       100%        5
 Enfeeble                 Hex            0%         N/A       100%        7
 Storm Form               Tmut/Air       0%         N/A       100%        7


Dungeon Overview and Level Annotations

Branches:
Dungeon (11/15)            Temple (1/1) D:7            Lair (1/5) D:8
    Orc (0/2) D:11          IceCv (1/1)

Altars:
Ashenzari
Cheibriados
Dithmenos
Elyvilon
Fedhas
Gozag
Hepliaklqana
Kikubaaqudgha
Makhleb
Nemelex Xobeh
Okawaru
Qazlal
Ru
Sif Muna
Trog
Uskayaw
Vehumet
Wu Jian
Xom
Yredelemnul
Zin
The Shining One

Shops:
D:6 (

Portals:
Trove: D:10 (give 18 potions of curing)

Annotations:
D:2 Sigmund
D:4 Grinder
D:6 exclusion: 4 doors
D:10 exclusions: gargoyle and orc warrior, Nergalle
D:11 exclusion: 4 vampire mosquitoes IceCv exclusion: 2 ice statues


Innate Abilities, Weirdness & Mutations

You are very small and have problems with some larger weapons.
You are too small for most types of armour.
You have supernaturally acute eyesight. (SInv)
You cover ground extremely quickly. (Speed+++)


Message History

Press: ? - help, Q - select action, (/) - cycle Shift-Dir - straight line, f/p - ice devil
Aim: an ice devil (lightly wounded, umbra, 70% to hit)
You shoot an arrow. The arrow barely misses the ice devil.
The arrow hits the death yak simulacrum.
The death yak simulacrum is moderately damaged.
Fire: C) +0 shortbow
Press: ? - help, Q - select action, (/) - cycle Shift-Dir - straight line, f/p - ice devil
Aim: an ice devil (lightly wounded, umbra, 70% to hit)
You shoot an arrow. The arrow closely misses the ice devil.
The arrow hits the death yak simulacrum!
The death yak simulacrum is heavily damaged.
The ice devil hits you! The ice devil freezes you!
Fire: C) +0 shortbow
Press: ? - help, Q - select action, (/) - cycle Shift-Dir - straight line, f/p - ice devil
Aim: an ice devil (lightly wounded, 70% to hit)
You shoot an arrow.
The arrow hits the naga simulacrum but does no damage.
Unknown command.
Fire: C) +0 shortbow
Press: ? - help, Q - select action, (/) - cycle Shift-Dir - straight line, f/p - ice devil
Aim: an ice devil (lightly wounded, 70% to hit)
You shoot an arrow. The arrow hits the naga simulacrum!
The naga simulacrum is severely damaged.
Fire: C) +0 shortbow
Press: ? - help, Q - select action, (/) - cycle Shift-Dir - straight line, f/p - ice devil
Aim: an ice devil (lightly wounded, umbra, 70% to hit)
You shoot an arrow. The arrow hits the naga simulacrum.
The naga simulacrum vaporises!
Dithmenos accepts your kill.
Unknown command.
Unknown command. 2 ice statues and an ice devil come into view.
Found 2 scrolls of identify.
Marking area around 2 ice statues as unsafe for travelling.
The ice devil closely misses you. The death yak simulacrum gores you.
The death yak simulacrum freezes you!!
Ouch! That really hurt!
* * * LOW HITPOINT WARNING * * *
The death yak simulacrum misses you. The death yak simulacrum gores you.
You die...

##...##
##.....##
#...∩...#
#...∩...#
##.....##
##...## ##...#
#...## #.Z@##
##Z4.# ####...##
##8#.....#8
#...........#
#.............#
#.............#
#...............
#......4........


You could see an ice devil and 2 death yak simulacra.

Vanquished Creatures
  A hydra (D:11)
  2 komodo dragons
  An unseen horror (D:11)
  2 ice devils (Lair:1)
  2 trolls
  A shadow (D:9)
  A vampire (D:9)
  3 yaks (D:9)
  A wyvern (D:9)
  2 wraiths
  A death yak simulacrum (IceCv)
  2 water moccasins
  3 orc warriors
  3 ice beasts
  A black bear (D:5)
  6 ogres (D:11)
  3 wolves (D:8)
  3 phantoms
  3 centaurs
  2 kobold brigands
  A gnoll sergeant (D:8)
  3 necrophages
  5 bullfrogs
  2 scorpions (D:6)
  10 wights
  3 electric eels (D:8)
  4 howler monkeys
  8 hounds
  2 orc priests
  3 gnoll boudas
  A jelly (D:8)
  Jessica (D:3)
  6 iguanas
  4 orc wizards
  22 gnolls
  2 naga simulacra (IceCv)
  6 adders
  A shadow imp (D:6)
  A white imp (D:6)
  An ufetubus (IceCv)
  2 worms
  The ghost of tevo3000 the Sneak, a weakling GrDe of Yredelemnul (D:4)
  3 dart slugs
  33 orcs
  3 ball pythons
  A bat (D:2)
  5 endoplasms
  2 giant cockroaches (D:3)
  4 goblins
  3 hobgoblins
  3 jackals (D:4)
  7 kobolds
  A quokka (D:1)
  5 rats
202 creatures vanquished.

Vanquished Creatures (others)
  A plant (Lair:1)
1 creature vanquished.

Grand Total: 203 creatures vanquished

Notes
Turn   | Place    | Note
-------+----------+-------------------------------------------
     0 | D:1      | LustLizard the Spriggan Hunter began the quest for the Orb.
     0 | D:1      | Reached XP level 1. HP: 10/10 MP: 2/2
   373 | D:1      | Reached XP level 2. HP: 6/14 MP: 3/3
   789 | D:1      | Found a faded altar of an unknown god.
   949 | D:2      | Noticed Sigmund
  1227 | D:2      | Reached XP level 3. HP: 18/18 MP: 4/4
  1447 | D:2      | Reached skill level 5 in Ranged Weapons
  2089 | D:3      | Reached XP level 4. HP: 13/22 MP: 5/5
  2442 | D:3      | Noticed Jessica
  2446 | D:3      | Killed Jessica
  2447 | D:3      | Reached skill level 1 in Evocations
  2885 | D:4      | Found a runed translucent gate.
  2885 | D:4      | Found a runed translucent gate.
  2885 | D:4      | Found a runed translucent gate.
  2892 | D:4      | Noticed tevo3000's ghost (weakling GrDe)
  3017 | D:4      | Reached XP level 5. HP: 25/25 MP: 6/6
  3065 | D:4      | Noticed a phantom
  3153 | D:4      | Killed a phantom
  3154 | D:4      | Reached skill level 6 in Ranged Weapons
  3246 | D:4      | Noticed Grinder
  3287 | D:4      | Reached skill level 5 in Stealth
  3440 | D:4      | Reached XP level 6. HP: 23/30 MP: 7/7
  3656 | D:4      | Identified the +11 plate armour "Rutaisub" {rN+ Str+3}
  4073 | D:4      | Killed tevo3000's ghost
  4301 | D:5      | Entered Level 5 of the Dungeon
  4501 | D:4      | Paralysed by Grinder for 2 turns
  5494 | D:5      | Reached XP level 7. HP: 22/33 MP: 8/8
  5833 | D:5      | Reached skill level 7 in Ranged Weapons
  5916 | D:5      | Found a basalt altar of Yredelemnul.
  5918 | D:5      | Found a sparkling altar of Nemelex Xobeh.
  6130 | D:5      | Identified the amulet of the Briny Deep {RegenMP +Inv rPois
                  | rF- SInv}
  6475 | D:6      | Found Soiquija's Antique Weapon Shop.
  6528 | D:6      | Reached skill level 5 in Evocations
  6575 | D:6      | Reached XP level 8. HP: 29/37 MP: 9/9
  6667 | D:6      | Reached skill level 8 in Ranged Weapons
  7684 | D:7      | Reached skill level 9 in Ranged Weapons
  8081 | D:7      | Found a staircase to the Ecumenical Temple.
  8089 | Temple   | Entered the Ecumenical Temple
  8476 | Temple   | Became a worshipper of Dithmenos the Shadowed
  8554 | D:7      | Reached XP level 9. HP: 29/41 MP: 10/10
  8965 | D:8      | Noticed a troll
  9012 | D:7      | Killed a troll
  9190 | D:8      | Reached skill level 10 in Ranged Weapons
  9274 | D:8      | Reached skill level 10 in Stealth
 10079 | D:8      | Learned a level 2 spell: Blink
 10205 | D:8      | Found a staircase to the Lair.
 10454 | D:9      | Reached skill level 1 in Translocations
 10678 | D:9      | Reached skill level 11 in Ranged Weapons
 10819 | D:9      | Reached * piety under Dithmenos
 10875 | D:9      | Reached XP level 10. HP: 46/46 MP: 11/11
 11337 | D:10     | Entered Level 10 of the Dungeon
 11383 | D:10     | Noticed Nergalle
 12022 | D:10     | Reached skill level 12 in Ranged Weapons
 12413 | D:10     | Noticed a gargoyle
 12587 | D:10     | Found a portal to a secret trove of treasure.
 12782 | D:10     | Noticed a spectral orc warlord
 13127 | D:11     | Found a shadowy altar of Dithmenos.
 13222 | D:11     | Noticed a seven-headed hydra
 13524 | D:11     | Killed a seven-headed hydra
 13525 | D:11     | Reached skill level 13 in Ranged Weapons
 13650 | D:11     | Found a staircase to the Orcish Mines.
 14161 | D:11     | Reached ** piety under Dithmenos
 14422 | Lair:1   | Entered Level 1 of the Lair of Beasts
 14429 | Lair:1   | Reached skill level 14 in Ranged Weapons
 14581 | Lair:1   | Noticed a cane toad
 14825 | Lair:1   | Reached XP level 11. HP: 49/49 MP: 12/12
 14960 | Lair:1   | Found a frozen archway.
 14969 | IceCv    | Entered an ice cave
 15028 | IceCv    | Slain by a death yak simulacrum

Illustrated notes

Levels and vault maps discovered:
D:1:      sevenhm_arrival_forest_fort_small_5, layout_basic,
          hellmonk_ecumenical_altar_blasted, st_stairs_13, fountainhead
D:2:      layout_loops_cross, uniq_sigmund
D:3:      layout_rooms, serial_aquarium, aquarium_bridge_island_small
          [aquarium_subvault_small_open, aquarium_subvault_window,
          aquarium_subvault_bridge, aquarium_subvault_bridge,
          aquarium_subvault_wall], aquarium_window_fake, aquarium_window_1,
          aquarium_window_3, aquarium_view_2e, aquarium_view_2b,
          aquarium_pool_double, uniq_jessica
D:4:      layout_cave_pools, gammafunk_ghost_split, minmay_vboxes, uniq_grinder
D:5:      layout_basic, mainiacjoe_overflow_divided_tiny, minmay_hedge_maze
D:6:      layout_loops_corners, serial_shops, shop
D:7:      layout_rooms, minmay_temple_entry_mini_moons, minmay_diced_spiral
D:8:      layout_basic, erik_lair_island
D:9:      nicolae_cairo_tiling_large_dashed, layout_rooms
D:10:     hangedman_cross_veins, layout_cave_pools, nicolae_trove_entry_crystal,
          uniq_nergalle
D:11:     layout_basic, kennysheep_orc_monster_closet_entryway,
          minmay_misc_feat_x, nicolae_dithmenos_shadow_blocks
Temple:   mainiacjoe_temple_big_plus
Lair:1:   layout_misc_corridors, portal_ice_cave_demonic_guard
IceCv:    ice_cave_tombish

Skill      XL: |  1  2  3  4  5  6  7  8  9 10 |
---------------+-------------------------------+-----
Stealth        | 2 3 4 5 6 7 9 11 | 11.1
Ranged Weapons | 5 6 7 9 11 14 | 14.4
Evocations     | 1 2 3 5 7 8 |  8.7
Translocations | 2 |  2.5
Fighting       | |  1.5
Dodging        | |  2.6

Action                   |  1- 3 |  4- 6 |  7- 9 | 10-12 || total
-------------------------+-------+-------+-------+-------++-------
 Fire: Shortbow          |    91 |   222 |   488 |   568 ||  1369
  Use: Scroll            |       |       |     6 |     5 ||    11
Armor: Robe              |       |     4 |    20 |     7 ||    31
Dodge: Dodged            |    34 |    75 |   143 |    99 ||   351
